 Dungeon Crawl Stone Soup version 0.29-a0-559-g359e09b9d1 (webtiles) character file.

Game seed: 10087188935632905770

53652 frimble the Cleaver (level 15, -4/134 HPs)
             Began as a Meteoran Fighter on June 11, 2022.
             Was a High Priest of Okawaru.
             Slain by an orc warlord
             ... wielding a +3 bardiche
              (7 damage)
             ... on level 2 of the Orcish Mines.
             The game lasted 00:37:10 (10530 turns).

frimble the Cleaver (Meteoran Fighter)             Turns: 10530, Time: 00:37:11

Health: -4/134     AC: 16    Str: 19    XL:     15   Next: 51%
Magic:  21/24      EV: 20    Int: 16    God:    Okawaru [*****.]
Gold:   1419       SH:  8    Dex: 18    Spells: 23/25 levels left

rFire   . . .      SeeInvis .   a - +7 broad axe of Qisan {vorpal, rPois}
rCold   . . .      Faith    .   c - +0 buckler
rNeg    . . .      Spirit   .   J - +1 troll leather armour
rPois   +          Reflect  .   j - +0 helmet
rElec   .          Harm     .   y - +1 cloak of Prudence {rPois}
rCorr   .          Rampage  .   k - +2 pair of gloves {Dex+3}
Will    ++...                   Q - +1 pair of boots {Stlth+}
Stlth   ++........              S - amulet of regeneration
HPRegen 1.92/turn               u - ring of willpower
MPRegen 0.19/turn               (no ring)

@: heroic, finesse-ful, glowing
A: sense surroundings 2, otherworldly, glowing, explore regen
a: Renounce Religion, Heroism, Finesse, Duel


You were on level 2 of the Orcish Mines.
You worshipped Okawaru.
Okawaru was extremely pleased with you.
You visited 4 branches of the dungeon, and saw 23 of its levels.
You also visited: Sewer, Gauntlet and Ice Cave.

You collected 1419 gold pieces.

Inventory:

Hand Weapons
 a - the +7 broad axe of Qisan (weapon) {vorpal, rPois}
   (Okawaru gifted it to you in an ice cave)

   It inflicts extra damage upon your enemies.
   rPois:     It protects you from poison.
 b - a +2 hunting sling of flaming
 I - a +3 dire flail of freezing
Missiles
 K - 12 javelins
 R - 5 curare-tipped darts
Armour
 c - a +0 buckler (worn)
 j - a +0 helmet (worn)
 k - a +2 pair of gloves of dexterity (worn)
 o - a scarf of resistance
 y - the +1 cloak of Prudence (worn) {rPois}
   (You found it on level 8 of the Dungeon)

   rPois:     It protects you from poison.
 J - a +1 troll leather armour (worn)
 Q - a +1 pair of boots of stealth (worn)
Jewellery
 f - a ring of see invisible
 p - an amulet of magic regeneration
 s - a ring of fire
 u - a ring of willpower (left hand)
 D - an amulet of reflection
 F - a ring of poison resistance
 L - the ring of Mukueris {Will+ Str-4 Int+4 Stlth+}
   (You found it in a Gauntlet)

   [ring of willpower]

   Str:       It affects your strength (-4).
   Int:       It affects your intelligence (+4).
   Will:      It increases your willpower.
   Stlth:     It makes you more stealthy.
 S - an amulet of regeneration (around neck)
Wands
 l - a wand of flame (16)
 t - a wand of digging (8)
 C - a wand of iceblast (10)
 M - a wand of acid (5)
Scrolls
 g - 2 scrolls of identify
 h - 2 scrolls of torment
 i - 6 scrolls of immolation
 m - 9 scrolls of teleportation
 n - 4 scrolls of enchant weapon
 z - 2 scrolls of vulnerability
 G - 2 scrolls of brand weapon
 H - 4 scrolls of poison
 P - 2 scrolls of fog
Potions
 d - 2 potions of might
 e - 4 potions of haste
 q - 2 potions of heal wounds
 r - 2 potions of brilliance
 v - 3 potions of flight
 x - a potion of cancellation
 A - a potion of attraction
 B - 4 potions of resistance
 E - a potion of lignification
 O - 4 potions of curing
 T - a potion of ambrosia {unknown}


   Skills:
 + Level 12.8(17.8) Fighting
 + Level 14.6(19.6) Axes
 - Level 8.9(14.2) Slings
 + Level 3.6(12.2) Throwing
 - Level 3.8(8.8) Armour
 - Level 8.1(13.1) Dodging
 - Level 9.2(14.2) Shields
 - Level 5.6 Spellcasting
 - Level 5.6 Transmutations
 - Level 5.5 Earth Magic
 - Level 11.0 Invocations
 - Level 10.0 Evocations


You had 23 spell levels left.
You knew the following spells:

 Your Spells              Type           Power      Damage    Failure   Level
a - Passwall              Tmut/Erth      18%        N/A       3%          2

Your spell library contained the following spells:

 Spells                   Type           Power      Damage    Failure   Level
 Sandblast                Erth           44%        2d11      1%          1
 Stone Arrow              Conj/Erth      26%        3d8       19%         3
 Blade Hands              Tmut           11%        N/A       45%         5
 Portal Projectile        Hex/Tloc       8%         N/A       50%         3
 Leda's Liquefaction      Hex/Erth       6%         N/A       52%         4
 Iron Shot                Conj/Erth      6%         9d2       100%        6
 Borgnjor's Revivificati  Necr           2%         N/A       100%        8
 Lehudib's Crystal Spear  Conj/Erth      6%         10d3      100%        8
 Necromutation            Tmut/Necr      6%         N/A       100%        8
 Death's Door             Necr           2%         N/A       100%        9
 Summon Small Mammal      Summ           Unusable   N/A       N/A         1
 Call Canine Familiar     Summ           Unusable   N/A       N/A         3
 Summon Guardian Golem    Hex/Summ       Unusable   N/A       N/A         3
 Animate Armour           Summ/Erth      Unusable   N/A       N/A         4

Dungeon Overview and Level Annotations

Branches:
Dungeon (14/15)            Temple (1/1) D:5            Lair (6/6) D:10
 Shoals (0/4) Lair:4        Snake (0/4) Lair:2        Slime (0/5) Lair:6
    Orc (2/2) D:9           Sewer (visited)           IceCv (visited)
Gauntlet (visited)
    Elf: Orc:2       Vaults: D:13-14

Altars:
Ashenzari
Cheibriados
Dithmenos
Elyvilon
Fedhas
Gozag
Hepliaklqana
Makhleb
Okawaru
Qazlal
Ru
Sif Muna
Trog
Uskayaw
Vehumet
Wu Jian
Xom
Yredelemnul
Zin

Shops:
D:6 [   D:9 [   D:14 =   Orc:1 :   Orc:2 =(

Annotations:
D:4 diggie
D:7 2 transporters, 1 exclusion
D:11 1 exclusion
Lair:2 3 runed translucent doors, valliere's ghost, journeyman DjVM
Lair:4 exclusion: oklob plant
Lair:6 exclusions: downstairs and obsidian statue


Innate Abilities, Weirdness & Mutations

You passively map the area around you.
You are easily found by Zot.
You glow in the dark.
You regain HP and MP as you explore.


Message History

Press: ? - help, Shift-Dir - straight line, f - orc warlord
Aim: an orc warlord, wielding a +3 bardiche and wearing a +2 plate armour of positive energy (moderately wounded, 85% to hit)
The bolt of acid hits the orc warlord!
The acid corrodes the orc warlord!
The orc warlord is moderately wounded.
The orc warlord misses you.
The orc warrior no longer looks unusually strong.
You slash the orc warrior!
You kill the orc warrior!
Okawaru accepts your kill.
You hit the orc warlord but do no damage.
Unknown command.
You hit the orc warlord.
The orc warlord is heavily wounded.
The orc warlord hits you with a +3 bardiche!!
* * * LOW HITPOINT WARNING * * *
You slash the orc warlord!
The orc warlord is heavily wounded.
You hit the orc warlord.
The orc warlord is severely wounded.
You hit the orc warlord.
The orc warlord is severely wounded.
The orc warlord hits you with a +3 bardiche!!
* * * LOW HITPOINT WARNING * * *
You feel much better.
The orc warlord hits you with a +3 bardiche!
* * * LOW HITPOINT WARNING * * *
You barely miss the orc warlord.
The orc warlord is severely wounded.
You slash the orc warlord!
The orc warlord is severely wounded.
The orc warlord hits you with a +3 bardiche!!
* * * LOW HITPOINT WARNING * * *
Aiming: Corrosive Bolt
Press: ? - help, Shift-Dir - straight line, f/p - orc warlord
Aim: an orc warlord, wielding a +3 bardiche and wearing a +2 plate armour of positive energy (severely wounded, covered in acid, 85% to hit)
The bolt of acid hits the orc warlord!!
The orc warlord seems to be corroded for longer.
The orc warlord is almost dead.
The orc warlord hits you with a +3 bardiche!
You die...

.......#...#, ........<...[#)..
........... ,, .......<...).[[..
........... , ..#........#[)...
..........,* , ..........#......
....######* * #################
....############# #############
....##.....##∩..## ##..∩##.....##
....##......##...###...##......##
....##.......##.@o#...##.......##
....# #.).....###)..###.......###
....# *#.))).................## #
....# ##...................## #
.)### #..###.........###..# #
).#, #..# #.........# #..# #
....# #..# #....)[...# #..# #
#...# #..# #...))))..# ..# #...#
#..# #.....)...# .#


You could see an orc warlord (corroded).

Vanquished Creatures
  An orc warlord (Orc:2)
  A minotaur (Gauntlet)
  2 hydras
  A great orb of eyes (Gauntlet)
  A boulder beetle (D:14)
  A centaur warrior (D:13)
  3 two-headed ogres
  6 death yaks
  4 orc high priests (Orc:2)
  Sonja (Lair:4)
  6 orc knights
  A necromancer (Lair:6)
  Pikel (D:5)
  5 ugly things
  A manticore (D:10)
  3 cyclopes (D:13)
  4 orc sorcerers (Orc:2)
  6 black mambas
  An elephant (Lair:6)
  An eye of devastation (Lair:6)
  9 cane toads
  2 unseen horrors
  3 rime drakes
  An ice devil (Gauntlet)
  A freezing wraith (IceCv)
  7 komodo dragons
  2 hornets
  6 trolls
  16 blink frogs
  26 yaks
  3 centaur simulacra (Gauntlet)
  4 wyverns
  3 wraiths (D:12)
  Eustachio (D:5)
  4 basilisks
  2 death yak simulacra
  2 steam dragons
  7 vampire mosquitoes
  4 wargs
  A harpy simulacrum (IceCv)
  A floating eye (Lair:6)
  15 water moccasins
  2 swamp drakes (Lair:6)
  A black bear (D:10)
  39 orc warriors
  6 ogres
  8 wolves
  9 centaurs
  A phantom (D:6)
  A kobold brigand (Sewer)
  9 bullfrogs
  4 necrophages
  A wyvern zombie (D:6)
  A two-headed ogre simulacrum (Orc:1)
  4 scorpions
  A cane toad simulacrum (Gauntlet)
  6 wights
  9 killer bees
  2 elephant simulacra
  A howler monkey (D:5)
  4 hounds
  A bullfrog zombie (D:6)
  16 orc priests
  2 gnoll shamans
  2 centaur skeletons (D:6)
  3 iguanas (D:5)
  28 orc wizards
  A troll simulacrum (Orc:1)
  A spriggan simulacrum (Orc:1)
  A wolf simulacrum (IceCv)
  A boggart simulacrum (Gauntlet)
  2 howler monkey zombies (D:6)
  4 gnolls
  5 adders
  3 river rats
  3 naga simulacra (Orc:1)
  2 white imps (Gauntlet)
  2 ufetubi
  3 worms
  4 dart slugs
  71 orcs
  6 ball pythons
  8 bats
  5 endoplasms
  4 giant cockroaches (D:3)
  10 hobgoblins
  6 kobolds
  4 quokkas
  A quokka (shapeshifter) (D:12)
  A frilled lizard (D:1)
  4 goblins
  11 rats
494 creatures vanquished.

Vanquished Creatures (others)
  A tengu conjurer (D:13)
  A shadow (D:12)
  A black bear (D:5)
  An ogre (D:5)
  2 lemures (D:5)
  A scorpion (D:5)
  A worm (D:5)
  An orc (Orc:2)
  50 fungi
  64 plants
  9 withered plants
132 creatures vanquished.

Grand Total: 626 creatures vanquished

Notes
Turn   | Place    | Note
-------+----------+-------------------------------------------
     0 | D:1      | frimble the Meteoran Fighter began the quest for the Orb.
     0 | D:1      | Reached XP level 1. HP: 19/19 MP: 2/2
    57 | D:1      | Reached XP level 2. HP: 7/26 MP: 3/3
    75 | D:1      | Reached XP level 3. HP: 10/31 MP: 4/4
    78 | D:1      | Reached skill level 3 in Axes
   508 | D:1      | Reached XP level 4. HP: 38/38 MP: 5/5
   663 | D:3      | Reached skill level 4 in Axes
   692 | D:3      | Reached XP level 5. HP: 25/45 MP: 6/6
   779 | D:3      | Reached skill level 5 in Shields
   984 | D:3      | Found a burning altar of Makhleb.
  1039 | D:4      | Found an ornate altar of the Wu Jian Council.
  1295 | D:4      | Found a shadowy altar of Dithmenos.
  1423 | D:4      | Noticed an ice beast
  1462 | D:5      | Entered Level 5 of the Dungeon
  1467 | D:5      | Killed an ogre
  1499 | D:4      | Reached XP level 6. HP: 41/51 MP: 7/7
  1578 | D:5      | Noticed an ogre
  1594 | D:5      | Killed an ogre
  1595 | D:5      | Reached skill level 5 in Axes
  1617 | D:5      | Found a hide-covered altar of Uskayaw.
  1661 | D:5      | Killed a black bear
  1687 | D:5      | Noticed Eustachio
  1691 | D:5      | Found a staircase to the Ecumenical Temple.
  1700 | D:5      | Reached skill level 1 in Slings
  1700 | D:5      | Reached XP level 7. HP: 55/57 MP: 8/8
  1703 | Temple   | Entered the Ecumenical Temple
  1746 | Temple   | Became a worshipper of Warmaster Okawaru
  1804 | D:5      | Found a shimmering altar of Xom.
  1830 | D:5      | Reached skill level 1 in Invocations
  1852 | D:5      | Reached skill level 6 in Axes
  1865 | D:5      | Reached * piety under Okawaru
  1866 | D:5      | Reached XP level 8. HP: 25/63 MP: 10/10
  2009 | D:5      | Found a glowing drain.
  2014 | Sewer    | Entered a sewer
  2103 | Sewer    | Found a glowing silver altar of Zin.
  2248 | D:5      | Noticed Pikel
  2276 | D:5      | Killed Pikel
  2276 | D:5      | Reached ** piety under Okawaru
  2277 | D:5      | Reached skill level 7 in Axes
  2277 | D:5      | Gained mutation: You passively map the area around you.
                  | [Meteoran growth]
  2277 | D:5      | Reached XP level 9. HP: 25/71 MP: 11/13
  2366 | D:5      | Killed Eustachio
  2408 | D:4      | Found a hazy altar of Hepliaklqana.
  2410 | D:4      | Found a white marble altar of Elyvilon.
  2481 | D:6      | Found Uly Ydgh's Antique Armour Emporium.
  2599 | D:6      | Reached skill level 5 in Invocations
  2682 | D:6      | Reached skill level 1 in Evocations
  2757 | D:6      | Reached skill level 5 in Fighting
  2757 | D:6      | Found an opulent altar of Gozag.
  2757 | D:6      | Noticed a hornet
  2768 | D:6      | Paralysed by a hornet for 2 turns
  2772 | D:6      | Killed a hornet
  2772 | D:6      | Reached *** piety under Okawaru
  2773 | D:6      | Reached skill level 5 in Slings
  2774 | D:6      | Found a glowing silver altar of Zin.
  3075 | D:7      | Reached skill level 8 in Axes
  3254 | D:7      | Reached XP level 10. HP: 81/81 MP: 15/15
  3268 | D:7      | Found a transporter.
  3551 | D:7      | Found a transporter.
  3826 | D:8      | Identified the +1 cloak of Prudence {rPois}
  3995 | D:8      | Reached **** piety under Okawaru
  3996 | D:8      | Reached skill level 9 in Axes
  4227 | D:9      | Found Noenau Festa's Armour Shop.
  4347 | D:9      | Reached skill level 5 in Evocations
  4363 | D:9      | Reached XP level 11. HP: 9/91 MP: 15/17
  4494 | D:10     | Entered Level 10 of the Dungeon
  4584 | D:10     | Identified the +11 falchion of Temperance {freeze, Str-5
                  | Int+6}
  4679 | D:10     | Reached skill level 1 in Dodging
  4718 | D:10     | Found a staircase to the Lair.
  4742 | D:10     | Noticed a manticore
  4743 | D:10     | Reached ***** piety under Okawaru
  4754 | Lair:1   | Entered Level 1 of the Lair of Beasts
  4763 | Lair:1   | Reached skill level 10 in Axes
  4853 | D:10     | Killed a manticore
  5081 | D:11     | Noticed a six-headed hydra
  5109 | D:12     | Noticed a white ugly thing
  5125 | D:12     | Killed a white ugly thing
  5251 | D:12     | Noticed a two-headed ogre
  5259 | D:12     | Killed a two-headed ogre
  5259 | D:12     | Identified the +2 robe "Uxtautuc" {-Tele rPois SInv Stlth+}
                  | (Okawaru gifted it to you on level 12 of the Dungeon)
  5259 | D:12     | Received a gift from Okawaru
  5260 | D:12     | Reached XP level 12. HP: 103/103 MP: 20/20
  5265 | D:12     | Noticed a two-headed ogre
  5271 | D:12     | Killed a two-headed ogre
  5487 | D:12     | Reached skill level 5 in Dodging
  5550 | D:12     | Reached skill level 10 in Invocations
  5644 | D:13     | Reached skill level 11 in Axes
  5696 | D:13     | Noticed an orc knight
  5741 | D:13     | Killed an orc knight
  5795 | D:13     | Noticed a centaur warrior
  5805 | D:13     | Killed a centaur warrior
  5906 | D:13     | Noticed a boulder beetle
  6147 | D:14     | Found Zaezod Leige's Jewellery Emporium.
  6159 | D:14     | Noticed a boulder beetle
  6173 | D:14     | Killed a boulder beetle
  6233 | D:13     | Noticed a deep elf pyromancer
  6233 | D:13     | Noticed a tengu warrior
  6501 | Lair:1   | Reached XP level 13. HP: 103/111 MP: 20/22
  6511 | Lair:1   | Received a gift from Okawaru
  6704 | Lair:1   | Reached skill level 12 in Axes
  6762 | Lair:2   | Reached skill level 10 in Fighting
  6775 | Lair:2   | Found a gate leading to a gauntlet.
  6784 | Gauntlet | Entered a Gauntlet
  6784 | Gauntlet | Found a transporter.
  6784 | Gauntlet | Found a transporter.
  6785 | Gauntlet | Found a transporter.
  6789 | Gauntlet | Found a transporter.
  6802 | Gauntlet | Found a transporter.
  6806 | Gauntlet | Found a transporter.
  6815 | Gauntlet | Noticed a great orb of eyes
  6823 | Gauntlet | Found a transporter.
  6825 | Gauntlet | Found a transporter.
  6829 | Gauntlet | Found a transporter.
  6833 | Gauntlet | Found a transporter.
  6843 | Gauntlet | Found a transporter.
  6886 | Gauntlet | Found a transporter.
  7032 | Gauntlet | Killed a great orb of eyes
  7040 | Gauntlet | Identified the ring of Mukueris {Will+ Str-4 Int+4 Stlth+}
  7054 | Gauntlet | Noticed a minotaur
  7077 | Gauntlet | Killed a minotaur
  7078 | Gauntlet | Reached skill level 10 in Evocations
  7089 | Gauntlet | Identified the -1 helmet of Responsibility {Rampage rPois
                  | Slay+3 Stlth-}
  7089 | Gauntlet | Identified the +9 dagger "Ida Matt" {freeze, Fly rPois rC-
                  | Stlth+}
  7096 | Lair:2   | Learned a level 2 spell: Passwall
  7108 | Lair:2   | Noticed a five-headed hydra
  7128 | Lair:2   | Killed a five-headed hydra
  7129 | Lair:2   | Reached skill level 1 in Spellcasting
  7129 | Lair:2   | Reached skill level 1 in Transmutations
  7129 | Lair:2   | Reached skill level 1 in Earth Magic
  7142 | Lair:2   | Found a runed translucent gate.
  7142 | Lair:2   | Found a runed translucent gate.
  7142 | Lair:2   | Found a runed translucent gate.
  7142 | Lair:2   | Noticed valliere's ghost (journeyman DjVM)
  7142 | Lair:2   | Noticed a ten-headed hydra
  7142 | Lair:2   | Noticed a 13-headed hydra
  7541 | Lair:2   | Reached skill level 1 in Throwing
  7567 | Lair:2   | Noticed a four-headed hydra
  7757 | Lair:4   | Found a staircase to the Shoals.
  7829 | Lair:4   | Received a gift from Okawaru
  7878 | Lair:4   | Reached XP level 14. HP: 99/124 MP: 21/23
  7955 | Lair:4   | Noticed Sonja
  7963 | Lair:4   | Killed Sonja
  7967 | Lair:4   | Reached skill level 13 in Axes
  8341 | Lair:5   | Found a broken altar of Ashenzari.
  8489 | Lair:6   | Entered Level 6 of the Lair of Beasts
  8564 | Lair:6   | Found a staircase to the Slime Pits.
  8565 | Lair:6   | Paralysed by a floating eye for 4 turns
  8919 | Lair:6   | Reached skill level 5 in Transmutations
  8947 | Lair:6   | Reached skill level 5 in Spellcasting
  8982 | Lair:6   | Noticed a dire elephant
  8982 | Lair:6   | Noticed a dire elephant
  8983 | Lair:6   | Noticed a dire elephant
  8983 | Lair:6   | Noticed a dire elephant
  9033 | Lair:6   | Reached skill level 5 in Earth Magic
  9433 | D:9      | Found a staircase to the Orcish Mines.
  9439 | Orc:1    | Entered Level 1 of the Orcish Mines
  9464 | Orc:1    | Found Kekainn's Self-Improvement Boutique.
  9515 | Orc:1    | Found a frozen archway.
  9579 | IceCv    | Entered an ice cave
  9621 | IceCv    | Identified the +7 broad axe of Qisan {vorpal, rPois}
                  | (Okawaru gifted it to you in an ice cave)
  9621 | IceCv    | Received a gift from Okawaru
  9649 | IceCv    | Found a transporter.
  9658 | IceCv    | Found a transporter.
  9976 | Orc:2    | Entered Level 2 of the Orcish Mines
  9991 | Orc:2    | Reached XP level 15. HP: 131/132 MP: 22/24
 10288 | Orc:2    | Reached skill level 14 in Axes
 10337 | Orc:2    | Noticed an orc warlord
 10376 | Orc:2    | Received a gift from Okawaru
 10390 | Orc:2    | Killed an orc warlord
 10461 | Orc:2    | Found Anlopso's Antique Armour Shoppe.
 10462 | Orc:2    | Found Sewiusch's Antique Weapon Shoppe.
 10464 | Orc:2    | Found Pacy's General Store.
 10464 | Orc:2    | Found Ymuwen's Jewellery Emporium.
 10495 | Orc:2    | Noticed an orc warlord
 10510 | Orc:2    | Identified the +0 chain mail of Cynicism {Harm Will+ Int+4
                  | Dex+3} (Okawaru gifted it to you on level 2 of the Orcish
                  | Mines)
 10510 | Orc:2    | Received a gift from Okawaru
 10526 | Orc:2    | HP: 3/134 [orc warlord/+3 bardiche (28)]
 10530 | Orc:2    | Slain by an orc warlord

Illustrated notes

Levels and vault maps discovered:
D:1:      dpeg_arrival_rhombi, layout_basic, shapermc_ecumenical_altar_ellora,
          hangedman_glass_teeth
D:2:      kennysheep_the_goblin_king, layout_loops_ring, uniq_crazy_yiuf_cottage
D:3:      minmay_razor_zed, layout_basic, nemelex_dance_club_becter,
          bloody_makhleb
D:4:      cheibrodos_quashed, layout_basic, nzn_wu_jian_council_hall,
          mainiacjoe_overflow_catwalk_spiral, mainiacjoe_overflow_cross_hatched,
          minmay_stone_trees_small, glass_columns_a, st_stairs_7,
          nicolae_shop_dragon_depot
D:5:      layout_loops_ring, kennysheep_mini_moat, xom_confusion_cloud,
          minmay_temple_entry_crystal_x, lightli_sewer_entry_pipes,
          chequers_serial_rivers_large_b, uniq_eustachio, uniq_pikel
D:6:      layout_loops_ring, grunt_temple_overflow_gold_and_silver,
          serial_shops, nicolae_take_the_stairs, serial_undead, serial_undead_e,
          serial_undead_b, serial_undead_a, serial_undead_d, serial_undead_f
D:7:      gammafunk_cloud_chamber, layout_basic,
          lemuel_mausoleum_altar_kikubaaqudgha, nicolae_tso_carved_into_rock,
          kennysheep_generic_room_12
D:8:      layout_basic, minivault_5
D:9:      layout_rooms, orc_0_dummy, serial_shops, shop_statue
D:10:     layout_gridville, due_lair_maze_entry_diamond, serial_shops,
          nicolae_shop_trees
D:11:     layout_roguey
D:12:     layout_loops_ring, uniq_josephine, uniq_azrael
D:13:     layout_basic
D:14:     layout_cave_pools, erik_vaults_1, chequers_jeans, serial_shops,
          nicolae_shop_window_shopping, serial_park_tiny_pond
Temple:   cyrus_temple_forest
Lair:1:   layout_cave_shapes, beast_lair_carwin_6, grunt_megastairs_1
Lair:2:   layout_cave_shapes, minmay_snake_entry_six_corridors,
          gauntlet_entry_generic, gammafunk_ghost_hydra_chop, lemuel_fruit_tree
Lair:3:   layout_layer_cave, serial_forest, infiniplex_forest_straight_4,
          infiniplex_forest_straight_1, infiniplex_forest_straight_1,
          infiniplex_forest_lined_room_, infiniplex_forest_straight_4,
          infiniplex_forest_zigzag_2, infiniplex_forest_lined_room_2,
          infiniplex_forest_lined_4_way, special_room [special_room_bee]
Lair:4:   layout_gridlike, shoals_dummy_entry, basic_altar, minivault_26,
          grunt_megastairs_5, lemuel_fruit_fields, uniq_rupert, uniq_sonja
Lair:5:   layout_layer_cave, basic_altar
Lair:6:   due_jungle_book, layout_regular_city, minmay_slime_entry_eyes,
          guppyfry_lair_drakes
Orc:1:    layout_caves, portal_ice_cave_entry_ice_simulacra,
          nicolae_shop_self_help
Orc:2:    st_orc_congregation, layout_caves

Skill      XL: |  1  2  3  4  5  6  7  8  9 10 11 12 13 14 15 |
---------------+----------------------------------------------+-----
Axes           | 3 4 5 6 7 8 9 10 11 12 13 14 | 14.6
Shields        | 4 5 6 7 8 9 |  9.2
Slings         | 1 2 3 5 6 7 8 |  8.9
Invocations    | 2 4 5 7 9 10 11 | 11.0
Fighting       | 4 5 6 8 9 11 12 | 12.8
Evocations     | 2 5 7 8 10 | 10.0
Dodging        | 4 6 8 |  8.1
Spellcasting   | 3 5 |  5.6
Transmutations | 3 5 |  5.6
Earth Magic    | 2 5 |  5.5
Throwing       | 2 3 |  3.6
Armour         | |  3.8

Action                   |  1- 3 |  4- 6 |  7- 9 | 10-12 | 13-15 || total
-------------------------+-------+-------+-------+-------+-------++-------
Melee: War axe           |    46 |   136 |   270 |   589 |   662 ||  1703
       Broad axe         |       |       |       |       |   213 ||   213
 Fire: Hunting sling     |       |     6 |    11 |    25 |    93 ||   135
Throw: Dart              |       |       |     1 |     3 |       ||     4
       Throwing net      |       |       |       |     1 |       ||     1
 Cast: Passwall          |       |       |       |       |     2 ||     2
Invok: Heroism           |       |       |     9 |    23 |    31 ||    63
       Finesse           |       |       |       |     2 |     3 ||     5
Evoke: Wand              |       |       |       |    11 |    22 ||    33
  Use: Scroll            |       |     9 |       |     9 |     6 ||    24
       Potion            |       |     1 |     6 |     2 |     4 ||    13
 Stab: Paralysed         |       |       |       |     5 |     7 ||    12
       Sleeping          |       |       |       |       |     1 ||     1
Armor: Scale mail        |    35 |    94 |   117 |   121 |       ||   367
       Skin              |       |     8 |       |       |       ||     8
       Troll leather arm |       |       |       |    61 |   176 ||   237
       Ice dragon scales |       |       |       |       |     6 ||     6
Dodge: Dodged            |    15 |    63 |    97 |   243 |   462 ||   880
Block: Buckler           |    12 |    39 |    78 |   359 |   363 ||   851
       Reflection        |       |       |       |     9 |     1 ||    10

Table legend: (Time is in decaauts)
 A = Elapsed time spent in this place.
 B = Non-inter-level travel time spent in this place.
 C = Inter-level travel time spent in this place.
 D = Time resting spent in this place.
 E = Time spent auto-exploring this place.
 F = Levels seen in this place.
 G = Mean time per level.
                   A        B        C        D        E       F      G
               +--------+--------+--------+--------+--------+-----+--------+
         Total |  10358 |   9069 |   1289 |     68 |   5175 |  26 |  398.4 |
       Dungeon |   6273 |   5481 |    792 |      2 |   3453 |  14 |  448.1 |
        Temple |     84 |     38 |     46 |      0 |     17 |   1 |   84.0 |
          Lair |   2590 |   2205 |    385 |      0 |   1298 |   6 |  431.7 |
  Orcish Mines |    774 |    708 |     66 |      0 |    289 |   2 |  387.0 |
         Sewer |    153 |    153 |      0 |      0 |    110 |   1 |  153.0 |
      Ice Cave |    196 |    196 |      0 |     66 |      7 |   1 |  196.0 |
      Gauntlet |    284 |    284 |      0 |      0 |      0 |   1 |  284.0 |
               +--------+--------+--------+--------+--------+-----+--------+

Top non-repeatable levels by time:
     D:5: 806 daAuts
    D:13: 671 daAuts
  Lair:6: 620 daAuts
     D:8: 605 daAuts
     D:6: 578 daAuts
     D:7: 558 daAuts
    D:12: 554 daAuts
  Lair:3: 531 daAuts
     D:3: 495 daAuts
     D:4: 478 daAuts
   Orc:2: 467 daAuts
     D:1: 463 daAuts
    D:10: 457 daAuts
  Lair:1: 449 daAuts
  Lair:5: 440 daAuts
